[Event "Najdorf Memorial-A 2022"]
[Site "Warsaw"]
[Date "2022.07.11"]
[Round "3.4"]
[White "Kaminski, Jan"]
[Black "Praczukowski, Stanislaw"]
[Result "0-1"]
[ECO "B90"]
[WhiteElo "1870"]
[BlackElo "2055"]
[Annotator "ChessBase"]
[PlyCount "56"]
[EventDate "2022.07.09"]
[EventType "swiss"]
[EventCountry "POL"]
[SourceTitle "playchess.com"]
[Source "ChessBase"]
[SourceQuality "1"]
[TimeControl "40/5400+30:1800+30"]

1. e4 c5 2. Nf3 d6 3. d4 cxd4 4. Nxd4 Nf6 5. Nc3 a6 6. h3 e6 7. g4 Be7 8. g5 Nfd7 9. h4 b5 10. a3 Bb7 11. Be3 Nc6 12. Nxc6 Bxc6 13. Qd4 O-O 14. O-O-O Rb8 15. f4 a5 16. h5 b4 17. Nb1 e5 18. Qd2 bxa3 19. bxa3 Qc7 20. Qc3 Qb7 21. Nd2 Rfc8 22. Bc4 Bxe4 23. Rh4 Bd5 24. h6 Nb6 25. Bxb6 Qxb6 26. Rg4 Bxc4 27. Nxc4 Qb1+ 28. Kd2 Rd8 0-1

[Event "Najdorf Memorial-A 2022"]
[Site "Warsaw"]
[Date "2022.07.11"]
[Round "3.5"]
[White "Golubka, Petro"]
[Black "Starosciak, Szymon"]
[Result "1-0"]
[ECO "D40"]
[WhiteElo "2378"]
[BlackElo "1901"]
[Annotator "ChessBase"]
[PlyCount "43"]
[EventDate "2022.07.09"]
[EventType "swiss"]
[EventCountry "POL"]
[SourceTitle "playchess.com"]
[Source "ChessBase"]
[SourceQuality "1"]
[TimeControl "40/5400+30:1800+30"]

1. d4 d5 2. c4 e6 3. Nc3 Nf6 4. Nf3 c5 5. e3 dxc4 6. Bxc4 a6 7. a4 Be7 8. Qe2 O-O 9. O-O Nc6 10. Rd1 Qc7 11. b3 Rd8 12. Bb2 b6 13. d5 exd5 14. Nxd5 Nxd5 15. Bxd5 Rd6 16. Be5 Nxe5 17. Bxa8 Rh6 18. Nxe5 Qxe5 19. f4 Qb8 20. Bd5 b5 21. axb5 axb5 22. Ra8 1-0

[Event "Najdorf Memorial-A 2022"]
[Site "Warsaw"]
[Date "2022.07.11"]
[Round "3.5"]
[White "Spicak, Krzysztof"]
[Black "Liberadzki, Slawomir"]
[Result "0-1"]
[ECO "A04"]
[WhiteElo "1858"]
[BlackElo "2035"]
[Annotator "ChessBase"]
[PlyCount "98"]
[EventDate "2022.07.09"]
[EventType "swiss"]
[EventCountry "POL"]
[SourceTitle "playchess.com"]
[Source "ChessBase"]
[SourceQuality "1"]
[TimeControl "40/5400+30:1800+30"]

1. Nf3 c5 2. c4 Nc6 3. b3 Nf6 4. Bb2 e6 5. g3 d5 6. Bg2 d4 7. d3 Be7 8. O-O O-O 9. a3 e5 10. Nbd2 h6 11. Qc2 Bf5 12. Rad1 Qc7 13. Ne4 Bh7 14. Nxf6+ Bxf6 15. Nd2 Rae8 16. Bd5 Be7 17. e4 Bd6 18. Rc1 Kh8 19. b4 cxb4 20. c5 Be7 21. Bxc6 Qxc6 22. axb4 f5 23. f3 fxe4 24. fxe4 Bg5 25. Rxf8+ Rxf8 26. Rf1 Rxf1+ 27. Nxf1 Bg8 28. h4 Be7 29. Nh2 Qg6 30. Kf2 Be6 31. b5 Bh3 32. Qe2 Bxc5 33. Bc1 Bd7 34. g4 Bxb5 35. g5 Be7 36. Kg3 hxg5 37. h5 Qf7 38. Qg4 Bxd3 39. h6 gxh6 40. Qc8+ Bf8 41. Nf3 Bxe4 42. Nxe5 Qf5 43. Qc7 Bg7 44. Nf7+ Kh7 45. Bxg5 hxg5 46. Nxg5+ Qxg5+ 47. Kf2 Qe3+ 48. Kf1 Qf3+ 49. Ke1 Qc3+ 0-1

[Event "Najdorf Memorial-A 2022"]
[Site "Warsaw"]
[Date "2022.07.11"]
[Round "3.6"]
[White "Goraj, Barbara"]
[Black "Gasiorek, Dariusz"]
[Result "1-0"]
[ECO "A14"]
[WhiteElo "2035"]
[BlackElo "1854"]
[Annotator "ChessBase"]
[PlyCount "46"]
[EventDate "2022.07.09"]
[EventType "swiss"]
[EventCountry "POL"]
[SourceTitle "playchess.com"]
[Source "ChessBase"]
[SourceQuality "1"]
[TimeControl "40/5400+30:1800+30"]

1. Nf3 d5 2. c4 e6 3. g3 Nf6 4. Bg2 Be7 5. O-O O-O 6. b3 c5 7. Bb2 Nc6 8. e3 b6 9. Nc3 Bb7 10. cxd5 Nxd5 11. Nxd5 Qxd5 12. d4 Rfd8 13. Ne5 Qd6 14. Qh5 Nxe5 15. Bxb7 Rab8 16. dxc5 Qxc5 17. Rac1 Nc4 18. Qg4 Qg5 19. Rxc4 Rxb7 20. Qe2 Qb5 21. Bxg7 Rc7 22. Bf6 Rxc4 23. bxc4 Qc5 1-0

[Event "Najdorf Memorial-A 2022"]
[Site "Warsaw"]
[Date "2022.07.11"]
[Round "3.6"]
[White "Siekanska, Zuzanna"]
[Black "Deszczynski, Adam"]
[Result "0-1"]
[ECO "E71"]
[WhiteElo "1712"]
[BlackElo "2321"]
[Annotator "ChessBase"]
[PlyCount "80"]
[EventDate "2022.07.09"]
[EventType "swiss"]
[EventCountry "POL"]
[SourceTitle "playchess.com"]
[Source "ChessBase"]
[SourceQuality "1"]
[TimeControl "40/5400+30:1800+30"]

1. d4 Nf6 2. c4 g6 3. Nc3 Bg7 4. e4 d6 5. h3 e5 6. d5 a5 7. Be3 Na6 8. g4 Nd7 9. Nge2 Bf6 10. Qd2 h6 11. O-O-O Bg5 12. Kb1 Bxe3 13. Qxe3 Qg5 14. Qg3 Ndc5 15. Rg1 Qf6 16. h4 g5 17. h5 Bd7 18. Qe3 O-O 19. f3 a4 20. Nc1 Qf4 21. Re1 a3 22. b3 Nb4 23. Rg2 Qxe3 24. Rxe3 c6 25. Nd3 Ncxd3 26. Bxd3 Rfc8 27. Rd2 cxd5 28. Nxd5 Nxd5 29. cxd5 Rc3 30. Rde2 b5 31. Bc2 Rac8 32. Kc1 b4 33. Rxc3 Rxc3 34. Rf2 Bb5 35. Kd2 Kf8 36. Bd1 Bd3 37. Be2 Bb1 38. Bc4 Rc2+ 39. Ke1 Rxf2 40. Kxf2 Bxa2 0-1

[Event "Najdorf Memorial-A 2022"]
[Site "Warsaw"]
[Date "2022.07.11"]
[Round "3.7"]
[White "Sarkar, Justin"]
[Black "Janeczko, Jakub"]
[Result "1-0"]
[ECO "A43"]
[WhiteElo "2346"]
[BlackElo "2080"]
[Annotator "ChessBase"]
[PlyCount "119"]
[EventDate "2022.07.09"]
[EventType "swiss"]
[EventCountry "POL"]
[SourceTitle "playchess.com"]
[Source "ChessBase"]
[SourceQuality "1"]
[TimeControl "40/5400+30:1800+30"]

1. d4 c5 2. d5 d6 3. e4 g6 4. Nf3 Bg7 5. Bb5+ Bd7 6. a4 Nf6 7. Nc3 O-O 8. O-O Na6 9. Re1 Nc7 10. Bf1 a6 11. a5 Bb5 12. Nd2 Bxf1 13. Kxf1 Nb5 14. Nc4 Nxc3 15. bxc3 Nd7 16. Ra3 b5 17. axb6 Nxb6 18. Na5 e6 19. c4 exd5 20. cxd5 f5 21. Kg1 fxe4 22. Rxe4 Qd7 23. Nc6 Kh8 24. c4 Rae8 25. Rae3 Rxe4 26. Rxe4 Re8 27. Qe2 Rxe4 28. Qxe4 Qf5 29. Qe8+ Qf8 30. Qe2 h6 31. Bb2 Bxb2 32. Qxb2+ Qg7 33. Qc1 Kh7 34. h4 Qf6 35. h5 Qg5 36. hxg6+ Qxg6 37. Qf4 Qb1+ 38. Kh2 Qg6 39. g3 Nd7 40. Kg2 Nf6 41. Qxd6 Qe4+ 42. Kf1 Qd3+ 43. Kg1 Qb1+ 44. Kh2 Ng4+ 45. Kh3 Nxf2+ 46. Kg2 Nd1 47. Qe7+ Kh8 48. Qe2 Qc1 49. d6 Ne3+ 50. Kf3 Qh1+ 51. Kxe3 Qxc6 52. Qd3 Qd7 53. Qd5 Qg4 54. d7 Qxg3+ 55. Ke4 Qh4+ 56. Kf5 Qd8 57. Kg6 Qb6+ 58. Kf7 Qd8 59. Qe5+ Kh7 60. Qg7# 1-0

[Event "Najdorf Memorial-A 2022"]
[Site "Warsaw"]
[Date "2022.07.11"]
[Round "3.7"]
[White "Gorkiewicz, Mateusz"]
[Black "Rejniak, Zuzanna"]
[Result "1-0"]
[ECO "B90"]
[WhiteElo "2023"]
[BlackElo "1813"]
[Annotator "ChessBase"]
[PlyCount "101"]
[EventDate "2022.07.09"]
[EventType "swiss"]
[EventCountry "POL"]
[SourceTitle "playchess.com"]
[Source "ChessBase"]
[SourceQuality "1"]
[TimeControl "40/5400+30:1800+30"]

1. e4 c5 2. Nf3 d6 3. d4 cxd4 4. Nxd4 Nf6 5. Nc3 a6 6. Nb3 e6 7. Bd3 Be7 8. O-O O-O 9. f4 Qc7 10. Qf3 Nbd7 11. a4 b6 12. Bd2 Bb7 13. Qh3 e5 14. Rae1 Rfe8 15. g4 Nc5 16. Nxc5 Qxc5+ 17. Be3 Qc8 18. f5 d5 19. exd5 Bc5 20. Be4 Bxe3+ 21. Rxe3 Qc5 22. Rfe1 Bxd5 23. Nxd5 Nxe4 24. Qg2 Qxd5 25. Rxe4 Rac8 26. c3 Rc4 27. h3 Rxe4 28. Qxe4 Qd2 29. Re2 Qd1+ 30. Kf2 Rd8 31. Qxe5 Qxa4 32. Qc7 Re8 33. Rxe8+ Qxe8 34. Qxb6 Qc8 35. c4 h5 36. c5 hxg4 37. hxg4 Qd7 38. c6 Qd2+ 39. Kf3 Qd1+ 40. Kf4 Qd2+ 41. Ke5 Qh2+ 42. Kd5 Qd2+ 43. Qd4 Qa5+ 44. Qc5 Qd2+ 45. Kc4 Qc1+ 46. Kb4 Qxb2+ 47. Ka5 Qa1+ 48. Kb6 Qb2+ 49. Ka7 Qd2 50. c7 Qd7 51. Kb8 1-0

[Event "Najdorf Memorial-A 2022"]
[Site "Warsaw"]
[Date "2022.07.11"]
[Round "3.8"]
[White "Nowak, Lukasz"]
[Black "Shilov, Sergej"]
[Result "1/2-1/2"]
[ECO "D10"]
[WhiteElo "2327"]
[BlackElo "2048"]
[Annotator "ChessBase"]
[PlyCount "104"]
[EventDate "2022.07.09"]
[EventType "swiss"]
[EventCountry "POL"]
[SourceTitle "playchess.com"]
[Source "ChessBase"]
[SourceQuality "1"]
[TimeControl "40/5400+30:1800+30"]

1. d4 d5 2. c4 c6 3. cxd5 cxd5 4. Bf4 Nc6 5. e3 Nf6 6. Nc3 a6 7. Be2 Bf5 8. Nf3 e6 9. Qb3 Bd6 10. Bxd6 Qxd6 11. Qxb7 O-O 12. Qb3 Rfb8 13. Qa3 Qb4 14. Qxb4 Nxb4 15. O-O Nc2 16. Rab1 Ne4 17. Nxe4 Bxe4 18. Nd2 Bg6 19. b3 Nb4 20. Rb2 Rc8 21. Nf3 f6 22. Ne1 Rc3 23. h4 h6 24. g3 a5 25. Ng2 Be4 26. Rd1 Rac8 27. f3 Bh7 28. Kf2 g5 29. Ne1 Kf7 30. Rdd2 Ke7 31. a3 Nc2 32. Nxc2 Bxc2 33. Bd1 Bxd1 34. Rxd1 gxh4 35. gxh4 Rc2+ 36. Rd2 Rxd2+ 37. Rxd2 Rc1 38. Rb2 Ra1 39. a4 Kd6 40. b4 Rxa4 41. bxa5 Rxa5 42. Rb7 Ra2+ 43. Kg3 Re2 44. Rf7 Rxe3 45. Rxf6 Rd3 46. Rxh6 Rxd4 47. h5 Rd1 48. Rh8 Ke5 49. h6 Kf6 50. h7 Kg7 51. Re8 Kxh7 52. Rxe6 Rd4 1/2-1/2

[Event "Najdorf Memorial-A 2022"]
[Site "Warsaw"]
[Date "2022.07.11"]
[Round "3.8"]
[White "Hemmerling, Jaroslaw"]
[Black "Maslanka, Wojciech"]
[Result "1/2-1/2"]
[ECO "B12"]
[WhiteElo "1854"]
[BlackElo "2000"]
[Annotator "ChessBase"]
[PlyCount "90"]
[EventDate "2022.07.09"]
[EventType "swiss"]
[EventCountry "POL"]
[SourceTitle "playchess.com"]
[Source "ChessBase"]
[SourceQuality "1"]
[TimeControl "40/5400+30:1800+30"]

1. e4 c6 2. d4 d5 3. e5 Bf5 4. Nf3 e6 5. Be2 Nd7 6. O-O h6 7. Be3 Ne7 8. Nbd2 Rc8 9. Nb3 Bh7 10. c4 dxc4 11. Bxc4 Nb6 12. Bd3 Bxd3 13. Qxd3 Nf5 14. Rad1 Be7 15. Nc5 Qc7 16. Bc1 O-O 17. g4 Nh4 18. Nxh4 Bxh4 19. g5 Bxg5 20. Bxg5 hxg5 21. Qg3 Qe7 22. Ne4 f6 23. exf6 gxf6 24. f4 g4 25. Qxg4+ Qg7 26. Qxg7+ Kxg7 27. f5 exf5 28. Nd6 Rc7 29. Rd3 Rg8 30. Rg3+ Kf8 31. Rxg8+ Kxg8 32. Rxf5 Nd5 33. Ne8 Rf7 34. Kf2 Kh7 35. Rf3 Kg8 36. Nd6 Rh7 37. Kg3 Rg7+ 38. Kf2 Kf8 39. Rb3 b6 40. Rf3 Rg4 41. Nf5 Nf4 42. Ne3 Nd3+ 43. Ke2 Rxd4 44. Rxf6+ Ke8 45. Rxc6 Nxb2 1/2-1/2

[Event "Najdorf Memorial-A 2022"]
[Site "Warsaw"]
[Date "2022.07.11"]
[Round "3.9"]
[White "Danielyan, Vahe"]
[Black "Zdybel, Przemyslaw"]
[Result "1-0"]
[ECO "B90"]
[WhiteElo "2295"]
[BlackElo "2026"]
[Annotator "ChessBase"]
[PlyCount "85"]
[EventDate "2022.07.09"]
[EventType "swiss"]
[EventCountry "POL"]
[SourceTitle "playchess.com"]
[Source "ChessBase"]
[SourceQuality "1"]
[TimeControl "40/5400+30:1800+30"]

1. e4 c5 2. Nf3 d6 3. d4 cxd4 4. Nxd4 Nf6 5. Nc3 a6 6. Nb3 g6 7. Bg5 Bg7 8. Qd2 Nbd7 9. O-O-O h6 10. Bf4 b5 11. f3 Bb7 12. Kb1 Qc7 13. Be3 Rc8 14. g4 b4 15. Ne2 Nxe4 16. fxe4 Bxe4 17. Ned4 Bxh1 18. Bxa6 Bb7 19. Bd3 Ne5 20. Bb5+ Kf8 21. Rf1 Kg8 22. Qf2 Bd5 23. h3 Nc4 24. Bc1 e5 25. Nc6 Bxc6 26. Bxc4 d5 27. Be2 Bb7 28. Bd1 Ba6 29. Re1 Kh7 30. h4 Bc4 31. Bd2 Bxb3 32. axb3 e4 33. Bxb4 Qe5 34. c3 f5 35. h5 f4 36. hxg6+ Kxg6 37. Bc2 Rc7 38. Qb6+ Bf6 39. Bd6 Rb7 40. Qc6 Qe6 41. Rxe4 dxe4 42. Bxe4+ Kg5 43. Bxf4+ 1-0

[Event "Najdorf Memorial-A 2022"]
[Site "Warsaw"]
[Date "2022.07.11"]
[Round "3.9"]
[White "Kulpa, Zuzanna"]
[Black "Rozumek, Krzysztof"]
[Result "0-1"]
[ECO "A52"]
[WhiteElo "1985"]
[BlackElo "1801"]
[Annotator "ChessBase"]
[PlyCount "108"]
[EventDate "2022.07.09"]
[EventType "swiss"]
[EventCountry "POL"]
[SourceTitle "playchess.com"]
[Source "ChessBase"]
[SourceQuality "1"]
[TimeControl "40/5400+30:1800+30"]

1. d4 Nf6 2. c4 e5 3. dxe5 Ng4 4. Bf4 g5 5. Bg3 Bg7 6. Nf3 Nc6 7. Nc3 Ngxe5 8. Nxe5 Nxe5 9. e3 d6 10. h4 g4 11. h5 Be6 12. Nd5 Bxd5 13. cxd5 c5 14. Qa4+ Kf8 15. Be2 a6 16. Rb1 b5 17. Qa3 Rg8 18. Kf1 Qb6 19. Qb3 Qb7 20. Rd1 Qd7 21. Qc2 h6 22. Bf4 Ke7 23. Qh7 Bf6 24. Qe4 Bg7 25. Bg3 f5 26. Bh4+ Bf6 27. Bxf6+ Kxf6 28. Qf4 Qg7 29. a4 Qg5 30. Qxg5+ hxg5 31. axb5 axb5 32. f4 gxf3 33. gxf3 b4 34. f4 gxf4 35. exf4 Ng4 36. Rh3 Rae8 37. Bxg4 Rxg4 38. h6 Rxf4+ 39. Kg1 Rh8 40. Kh1 Rh7 41. Re1 Re4 42. Rxe4 fxe4 43. Kg2 Kg6 44. Rh4 Rxh6 45. Rxe4 Kf5 46. Re8 Rh4 47. Re6 Rd4 48. Rxd6 Ke5 49. Re6+ Kxd5 50. Re2 Kc4 51. Kf3 Kb3 52. Ke3 Rc4 53. Kd3 Rc1 54. Kd2 Rc2+ 0-1

[Event "Najdorf Memorial-A 2022"]
[Site "Warsaw"]
[Date "2022.07.11"]
[Round "3.10"]
[White "Backiel, Hubert"]
[Black "Markiewicz, Jerzy"]
[Result "1/2-1/2"]
[ECO "E77"]
[WhiteElo "2045"]
[BlackElo "2205"]
[Annotator "ChessBase"]
[PlyCount "132"]
[EventDate "2022.07.09"]
[EventType "swiss"]
[EventCountry "POL"]
[SourceTitle "playchess.com"]
[Source "ChessBase"]
[SourceQuality "1"]
[TimeControl "40/5400+30:1800+30"]

1. d4 Nf6 2. c4 c5 3. d5 d6 4. Nc3 g6 5. e4 Bg7 6. f4 O-O 7. Nf3 e6 8. Bd3 exd5 9. cxd5 Re8 10. O-O c4 11. Bc2 b5 12. a3 Qb6+ 13. Kh1 Nbd7 14. Qe2 a5 15. Be3 Qb8 16. Nd4 Ba6 17. Qf3 Qb7 18. Nc6 Qc7 19. Bd4 Nb8 20. e5 Nxc6 21. dxc6 dxe5 22. fxe5 Rxe5 23. Bxe5 Qxe5 24. Rae1 Qc7 25. Be4 Rf8 26. Nd5 Nxd5 27. Bxd5 Bxb2 28. Re8 Rxe8 29. Bxf7+ Kg7 30. Bxe8 Qe7 31. Qd5 Bf6 32. Qd7 Qxd7 33. Bxd7 Be5 34. Be6 b4 35. axb4 axb4 36. Rf7+ Kh6 37. Ra7 c3 38. Bb3 Bc4 39. Bc2 b3 40. Bxb3 Bxb3 41. c7 Be6 42. Ra6 Bc8 43. Ra5 Bf6 44. Rc5 Kg7 45. Rc6 Kf7 46. Kg1 Ke7 47. Kf2 Kd7 48. Rc4 Kd6 49. Ke1 Kd5 50. Ra4 Kc6 51. Rc4+ Kb5 52. Re4 Kc6 53. Rc4+ Kd6 54. Kd1 Be5 55. Kc2 h5 56. h3 Kd5 57. Kb3 Kd6 58. g4 hxg4 59. hxg4 g5 60. Kc2 Kd7 61. Rc5 Bf6 62. Rf5 Be7 63. Rf7 Ke8 64. Rg7 Kf8 65. Rg6 Kf7 66. Rb6 Ke8 1/2-1/2

[Event "Najdorf Memorial-A 2022"]
[Site "Warsaw"]
[Date "2022.07.11"]
[Round "3.10"]
[White "Dovzhenko, Alexander"]
[Black "Basiaga, Sebastian"]
[Result "1-0"]
[ECO "A05"]
[WhiteElo "1973"]
[BlackElo "1770"]
[Annotator "ChessBase"]
[PlyCount "41"]
[EventDate "2022.07.09"]
[EventType "swiss"]
[EventCountry "POL"]
[SourceTitle "playchess.com"]
[Source "ChessBase"]
[SourceQuality "1"]
[TimeControl "40/5400+30:1800+30"]

1. Nf3 Nf6 2. g3 d5 3. Bg2 Bf5 4. c4 c6 5. Qb3 Qb6 6. O-O Qxb3 7. axb3 e6 8. Nc3 Nbd7 9. d3 Be7 10. Re1 Nc5 11. Nd4 Bg6 12. b4 Na6 13. b5 Nb4 14. bxc6 bxc6 15. cxd5 cxd5 16. Ra4 O-O 17. Bd2 Rfc8 18. Ncb5 Nc2 19. Nxc2 Rxc2 20. Bc3 Bh5 21. Nd4 1-0

[Event "Najdorf Memorial-A 2022"]
[Site "Warsaw"]
[Date "2022.07.11"]
[Round "3.11"]
[White "Kaczmarek, Arkadiusz"]
[Black "Kaczmarska, Joanna"]
[Result "1-0"]
[ECO "D27"]
[WhiteElo "2147"]
[BlackElo "1965"]
[Annotator "ChessBase"]
[PlyCount "91"]
[EventDate "2022.07.09"]
[EventType "swiss"]
[EventCountry "POL"]
[SourceTitle "playchess.com"]
[Source "ChessBase"]
[SourceQuality "1"]
[TimeControl "40/5400+30:1800+30"]

1. d4 d5 2. c4 dxc4 3. Nf3 Nf6 4. e3 e6 5. Bxc4 c5 6. O-O a6 7. b3 b5 8. Be2 Bb7 9. Bb2 Nbd7 10. a4 bxa4 11. Rxa4 Nb6 12. Ra1 cxd4 13. Bxd4 Be7 14. Nc3 O-O 15. Ne5 Nbd5 16. Na4 Rc8 17. Bf3 Bd6 18. Nc4 Bb8 19. Nc5 Nc3 20. Nxb7 Qc7 21. Be5 Qxe5 22. Nxe5 Nxd1 23. Nc6 Rc7 24. Nxb8 Rxb8 25. Rfxd1 Nd5 26. Na5 Rc5 27. Bxd5 exd5 28. Rdc1 Rbb5 29. b4 Rxc1+ 30. Rxc1 g6 31. Nc6 Kf8 32. Kf1 Ke8 33. Ke2 f6 34. Rb1 Kd7 35. Nd4 Rb6 36. Kd3 Kd6 37. Kc3 f5 38. Ra1 Kc7 39. Nb3 Kb7 40. Nc5+ Ka7 41. Rxa6+ Rxa6 42. Nxa6 Kxa6 43. Kd4 Kb5 44. Kxd5 Kxb4 45. f3 h5 46. h4 1-0

[Event "Najdorf Memorial-A 2022"]
[Site "Warsaw"]
[Date "2022.07.11"]
[Round "3.11"]
[White "Bartodziej, Bartosz"]
[Black "Podgorski, Maciej"]
[Result "1-0"]
[ECO "C50"]
[WhiteElo "1809"]
[BlackElo "1967"]
[Annotator "ChessBase"]
[PlyCount "89"]
[EventDate "2022.07.09"]
[EventType "swiss"]
[EventCountry "POL"]
[SourceTitle "playchess.com"]
[Source "ChessBase"]
[SourceQuality "1"]
[TimeControl "40/5400+30:1800+30"]

1. e4 e5 2. Nf3 Nc6 3. Bc4 Nf6 4. d3 Bc5 5. Nbd2 d6 6. c3 O-O 7. Bb3 a6 8. O-O Ba7 9. h3 Ne7 10. Re1 Ng6 11. Nf1 Be6 12. Ng3 Qd7 13. d4 Bxb3 14. Qxb3 Qb5 15. Qxb5 axb5 16. dxe5 dxe5 17. Bg5 Nd7 18. Rad1 Nc5 19. Nf5 Rfe8 20. Be3 Bb6 21. Bxc5 Bxc5 22. Rd7 Bb6 23. Ng5 Rf8 24. Red1 h6 25. Ne6 Rfc8 26. Nexg7 Rxa2 27. Nh5 Rf8 28. Nxh6+ Kh7 29. Nxf7 Nh4 30. Nxe5+ Kh6 31. Ng4+ Kxh5 32. Rh7+ Kg5 33. Rd5+ Nf5 34. exf5 c6 35. Re5 Rxb2 36. g3 Rg8 37. f6+ Kg6 38. Ree7 Bxf2+ 39. Nxf2 Kxf6 40. Rhf7+ Kg6 41. Ne4 Kh6 42. g4 Rb1+ 43. Kg2 Rb2+ 44. Kg3 Rg6 45. Rh7# 1-0

[Event "Najdorf Memorial-A 2022"]
[Site "Warsaw"]
[Date "2022.07.11"]
[Round "3.12"]
[White "Musial, Tomasz"]
[Black "Polak, Michal"]
[Result "1/2-1/2"]
[ECO "C77"]
[WhiteElo "2131"]
[BlackElo "1944"]
[Annotator "ChessBase"]
[PlyCount "84"]
[EventDate "2022.07.09"]
[EventType "swiss"]
[EventCountry "POL"]
[SourceTitle "playchess.com"]
[Source "ChessBase"]
[SourceQuality "1"]
[TimeControl "40/5400+30:1800+30"]

1. e4 e5 2. Nf3 Nc6 3. Bb5 a6 4. Ba4 Nf6 5. d3 b5 6. Bb3 Be7 7. O-O d6 8. a3 O-O 9. Nc3 Bg4 10. Be3 Nd4 11. Bxd4 exd4 12. Nd5 c5 13. h3 Be6 14. a4 Nxd5 15. Bxd5 Bxd5 16. exd5 Bf6 17. Nd2 Qb6 18. Ne4 Be7 19. axb5 axb5 20. Qf3 h6 21. Ng3 Rfc8 22. Nf5 Bf8 23. Rae1 Re8 24. Qf4 Rxe1 25. Rxe1 Qd8 26. b4 Qg5 27. Qxg5 hxg5 28. bxc5 dxc5 29. d6 f6 30. d7 Rd8 31. Nd6 b4 32. Nc4 Rxd7 33. Ra1 Rb7 34. Kf1 b3 35. cxb3 Rxb3 36. Ke2 Rb7 37. Ra8 Kf7 38. Ra6 Re7+ 39. Kd2 Re6 40. Rxe6 Kxe6 41. g4 Bd6 42. Kc2 Bf4 1/2-1/2

[Event "Najdorf Memorial-A 2022"]
[Site "Warsaw"]
[Date "2022.07.11"]
[Round "3.12"]
[White "Kutowski, Marcel"]
[Black "Bojczewski, Mateusz"]
[Result "0-1"]
[ECO "B17"]
[WhiteElo "1961"]
[BlackElo "1735"]
[Annotator "ChessBase"]
[PlyCount "120"]
[EventDate "2022.07.09"]
[EventType "swiss"]
[EventCountry "POL"]
[SourceTitle "playchess.com"]
[Source "ChessBase"]
[SourceQuality "1"]
[TimeControl "40/5400+30:1800+30"]

1. e4 c6 2. d4 d5 3. Nd2 dxe4 4. Nxe4 Nd7 5. Ng5 Ngf6 6. Bd3 e6 7. N1f3 Bd6 8. Qe2 h6 9. Ne4 Nxe4 10. Qxe4 Nf6 11. Qe2 Qc7 12. Bd2 b6 13. O-O-O Bb7 14. Ne5 c5 15. Bb5+ Ke7 16. dxc5 Qxc5 17. f4 Nd5 18. Rhe1 Rhc8 19. Ba4 Qd4 20. Qb5 Rc7 21. Nf3 Qc5 22. f5 Qxb5 23. Bxb5 Nb4 24. c3 a6 25. Bf1 Bxf3 26. gxf3 Bxh2 27. fxe6 fxe6 28. f4 Kf6 29. c4 Nd5 30. Kb1 Nxf4 31. Bc3+ Kf5 32. Re5+ Kg4 33. Rd4 Kf3 34. Bd2 Rf8 35. Re3+ Kg4 36. Bh3+ Kh5 37. Re5+ Kg6 38. Bg4 Rf6 39. Bc1 Re7 40. Rd2 Nd3 41. Ree2 Ne5 42. Rd4 Nxg4 43. Rxg4+ Kf5 44. Rd4 Bc7 45. b4 e5 46. Rh4 Ke6 47. c5 g5 48. Rh3 bxc5 49. bxc5 Kd5 50. Rd3+ Kc6 51. Be3 e4 52. Ra3 a5 53. Rb3 g4 54. a4 g3 55. Reb2 Rf1+ 56. Ka2 h5 57. Rb7 g2 58. Rb1 Ref7 59. R7b2 Rxb1 60. Rxb1 Rf1 0-1

[Event "Najdorf Memorial-A 2022"]
[Site "Warsaw"]
[Date "2022.07.11"]
[Round "3.13"]
[White "Sowul, Bartosz"]
[Black "Pesko, Tomasz"]
[Result "1-0"]
[ECO "B24"]
[WhiteElo "2283"]
[BlackElo "1830"]
[Annotator "ChessBase"]
[PlyCount "77"]
[EventDate "2022.07.09"]
[EventType "swiss"]
[EventCountry "POL"]
[SourceTitle "playchess.com"]
[Source "ChessBase"]
[SourceQuality "1"]
[TimeControl "40/5400+30:1800+30"]

1. e4 c5 2. Nc3 Nc6 3. Bb5 Nd4 4. Nf3 Nxb5 5. Nxb5 a6 6. Nc3 e6 7. d4 cxd4 8. Qxd4 Ne7 9. Bf4 Nc6 10. Qe3 Qa5 11. O-O Bc5 12. Qd3 O-O 13. a3 Be7 14. Bd6 Qd8 15. Rad1 b5 16. Rfe1 Bxd6 17. Qxd6 Ra7 18. Rd3 Qc7 19. Qc5 Na5 20. Qh5 Nc4 21. b3 Nxa3 22. e5 f5 23. exf6 g6 24. Qh6 d5 25. Nxd5 exd5 26. Re7 Qxe7 27. fxe7 Rxe7 28. Qg5 Ref7 29. Qxd5 Bb7 30. Qc5 Bxf3 31. gxf3 b4 32. Qxb4 Nxc2 33. Qc3 Na3 34. Qa5 Nc2 35. Kf1 Rf6 36. Qc5 Na1 37. b4 R8f7 38. Qc1 Rb7 39. Qc8+ 1-0

[Event "Najdorf Memorial-A 2022"]
[Site "Warsaw"]
[Date "2022.07.11"]
[Round "3.13"]
[White "Raczek, Krzysztof"]
[Black "Kotowicz, Kamil"]
[Result "1-0"]
[ECO "B13"]
[WhiteElo "2114"]
[BlackElo "1770"]
[Annotator "ChessBase"]
[PlyCount "57"]
[EventDate "2022.07.09"]
[EventType "swiss"]
[EventCountry "POL"]
[SourceTitle "playchess.com"]
[Source "ChessBase"]
[SourceQuality "1"]
[TimeControl "40/5400+30:1800+30"]

1. e4 c6 2. d4 d5 3. exd5 cxd5 4. Bd3 Nf6 5. h3 Nc6 6. c3 e6 7. Nf3 Bd6 8. O-O O-O 9. Re1 Qc7 10. Qe2 h6 11. Nbd2 Re8 12. Ne5 Bxe5 13. dxe5 Nd7 14. Nf3 Nf8 15. Bd2 a6 16. b4 Ng6 17. g4 Qe7 18. h4 Nxh4 19. g5 Nf5 20. gxh6 gxh6 21. Kh1 Qf8 22. Rg1+ Kh8 23. Nh4 Nce7 24. Qh5 Ng8 25. Rg2 Nxh4 26. Qxh4 f5 27. Rag1 Qf7 28. Bxh6 Nxh6 29. Rg6 1-0

[Event "Najdorf Memorial-A 2022"]
[Site "Warsaw"]
[Date "2022.07.11"]
[Round "3.14"]
[White "Vanduyfhuys, Daria"]
[Black "Jaskiewicz, Kacper"]
[Result "1-0"]
[ECO "E11"]
[WhiteElo "2094"]
[BlackElo "1756"]
[Annotator "ChessBase"]
[PlyCount "89"]
[EventDate "2022.07.09"]
[EventType "swiss"]
[EventCountry "POL"]
[SourceTitle "playchess.com"]
[Source "ChessBase"]
[SourceQuality "1"]
[TimeControl "40/5400+30:1800+30"]

1. d4 Nf6 2. c4 e6 3. Nf3 Bb4+ 4. Bd2 a5 5. g3 b6 6. Bg2 Bb7 7. O-O O-O 8. Nc3 d6 9. Qc2 Nbd7 10. Rfd1 Qe7 11. b3 Bxc3 12. Bxc3 Be4 13. Qb2 Bb7 14. Nd2 Bxg2 15. Kxg2 d5 16. Re1 Ne4 17. Nxe4 dxe4 18. f3 exf3+ 19. exf3 Qg5 20. Rad1 Rfe8 21. Re4 f5 22. Re2 Kf7 23. Rde1 Rad8 24. Qa3 Nf6 25. Qa4 Nh5 26. Kh1 Re7 27. d5 Rde8 28. dxe6+ Rxe6 29. Rxe6 Rxe6 30. Rxe6 Kxe6 31. Qe8+ Qe7 32. Qxh5 Qd7 33. Kg2 g6 34. Qg5 Qf7 35. Qd8 c6 36. Qxb6 Qd7 37. Qd4 Qc8 38. Qf6+ Kd7 39. c5 Qa6 40. Qf7+ Kc8 41. Qe8+ Kb7 42. Qd7+ Ka8 43. Kf2 Qb5 44. Qd8+ Ka7 45. Qxa5+ 1-0

[Event "Najdorf Memorial-A 2022"]
[Site "Warsaw"]
[Date "2022.07.11"]
[Round "3.14"]
[White "Lee, Hyuk"]
[Black "Adamski, Jan"]
[Result "1-0"]
[ECO "B23"]
[WhiteElo "1880"]
[BlackElo "2136"]
[Annotator "ChessBase"]
[PlyCount "108"]
[EventDate "2022.07.09"]
[EventType "swiss"]
[EventCountry "POL"]
[SourceTitle "playchess.com"]
[Source "ChessBase"]
[SourceQuality "1"]
[TimeControl "40/5400+30:1800+30"]

1. e4 c5 2. Nc3 e6 3. Nf3 a6 4. g3 d6 5. Bg2 Nc6 6. O-O Be7 7. d4 cxd4 8. Nxd4 Qc7 9. Re1 Bd7 10. a4 Nf6 11. Nxc6 Bxc6 12. a5 b5 13. axb6 Qxb6 14. Ra2 O-O 15. Nd5 exd5 16. exd5 Nxd5 17. Bxd5 Bf6 18. Be3 Qb7 19. Bxc6 Qxc6 20. c3 Rfe8 21. Re2 a5 22. Rd2 Be5 23. Qa4 Qf3 24. Qc4 h5 25. Qd5 Qg4 26. Kg2 Qg6 27. Ra4 Qb1 28. Bf4 Rab8 29. Bxe5 dxe5 30. Rxa5 Rxb2 31. Rxb2 Qxb2 32. Ra7 Re6 33. Qd8+ Kh7 34. Rxf7 Qxc3 35. Qg5 Qc6+ 36. Kg1 Rg6 37. Qxh5+ Kg8 38. Re7 Qc1+ 39. Kg2 Qc6+ 40. Qf3 Qxf3+ 41. Kxf3 Rf6+ 42. Ke3 Rf5 43. f3 Kf8 44. Ra7 Rh5 45. h4 g5 46. hxg5 Rxg5 47. g4 Rg6 48. Ke4 Rf6 49. Ra5 Rf4+ 50. Ke3 Rb4 51. Rxe5 Kf7 52. Ra5 Kf6 53. Kf2 Kg6 54. Kg3 Rc4 1-0